 Dungeon Crawl Stone Soup version 0.27-a0-1119-gbf574a6a6b (webtiles) character file.

Game seed: 14734449875008922606

1559 Zeld the Skirmisher (level 8, 0/60 HPs)
             Began as an Octopode Fighter on May 2, 2021.
             Engulfed by a steam dragon's steam (8 damage)
             ... on level 6 of the Dungeon.
             The game lasted 00:07:33 (6506 turns).

Zeld the Skirmisher (Octopode Fighter)              Turns: 6506, Time: 00:07:34

Health: 0/60       AC:  1    Str: 18    XL:     8   Next: 89%
Magic:  8/8        EV: 12    Int: 10    God:
Gold:   154        SH: 10    Dex: 11    Spells: 7/7 levels left

rFire    . . .     SeeInvis .   a - +0 war axe
rCold    . . .     Faith    .   b - +0 kite shield
rNeg     . . .     Spirit   .   (helmet restricted)
rPois    .         Reflect  .   (no amulet)
rElec    .         Harm     .   (no ring)
rCorr    .         Rampage  .   (no ring)
Will     .....                  (no ring)
Stlth    ++........             (no ring)
HPRegen  0.20/turn              (no ring)
MPRegen  0.11/turn              (no ring)
                                (no ring)
                                (no ring)

@: no status effects
A: almost no armour, amphibious, 8 rings, camouflage 1, gelatinous body 1,
(nimble swimmer 1), tentacles
a: no special abilities


You were on level 6 of the Dungeon.
You visited 1 branch of the dungeon, and saw 6 of its levels.

You collected 154 gold pieces.

Inventory:

Hand Weapons
 a - a +0 war axe (weapon)
Missiles
 n - 2 boomerangs
 s - 7 poisoned darts (quivered)
Armour
 b - a +0 kite shield (worn)
Wands
 m - a wand of flame (14)
Scrolls
 d - 4 scrolls of identify {unknown}
 f - 2 scrolls of vulnerability {unknown}
 g - a scroll of immolation {unknown}
 i - 4 scrolls of magic mapping {unknown}
 j - 2 scrolls of blinking {unknown}
 k - 2 scrolls of teleportation {unknown}
 o - 2 scrolls of fog {unknown}
 p - a scroll of silence {unknown}
 q - a scroll of noise {unknown}
 r - a scroll of enchant armour {unknown}
 v - a scroll of summoning {unknown}
Potions
 c - a potion of berserk rage {unknown}
 e - 3 potions of curing {unknown}
 h - a potion of cancellation {unknown}
 l - 2 potions of lignification {unknown}
 t - a potion of magic {unknown}
 u - 2 potions of attraction {unknown}


   Skills:
 - Level 7.0 Fighting
 - Level 6.4 Axes
 * Level 0.2 Throwing
 - Level 3.0 Dodging
 - Level 6.9 Shields


You had 7 spell levels left.
You didn't know any spells.
Your spell library contained the following spells:

 Spells                   Type           Power      Damage    Failure   Level
 Magic Dart               Conj           0%         1d3       71%         1
 Blink                    Tloc           N/A        N/A       85%         2
 Call Imp                 Summ           0%         N/A       85%         2
 Slow                     Hex            0%         N/A       85%         2
 Conjure Flame            Conj/Fire      0%         6-21      97%         3
 Mephitic Cloud           Conj/Pois/Air  0%         N/A       97%         3


Dungeon Overview and Level Annotations

Branches:
Dungeon (6/15)
 Temple: D:4-7

Altars:
Sif Muna
Wu Jian
Zin

Shops:
D:2 =   D:4 (

Annotations:
D:6 Grinder


Innate Abilities, Weirdness & Mutations

You cannot wear most types of armour.
You are amphibious.
You can wear up to eight rings at the same time.
Your skin changes colour to match your surroundings (Stealth+).
Your rubbery body absorbs attacks. (AC +1, EV +1)
((You are camouflaged near water. (Stealth+)))
You have tentacles for arms and can constrict up to eight enemies at once.


Message History

The shadow imp shouts, "Taste defeat, thou frothy fool-born simpleton!"
Found a scroll labelled RENKEI REDEMIE.
The shadow imp summons a swarm of flies.
The shadow imp barely misses you.
You slash the shadow imp!
You kill the shadow imp!
No target in view!
No target in view!
d - 4 scrolls labelled RENKEI REDEMIE (gained 1)
You open the door.
There is an open door here.
v - a scroll labelled UDOK VODINASU You now have 154 gold pieces (gained 20).
A white imp comes into view.
Found 20 gold pieces.
A white imp is nearby!
A steam dragon and Grinder come into view.
Grinder shouts!
The white imp shouts!
A scorpion comes into view.
The white imp gestures at you. The puff of frost misses you.
The white imp gestures at you. The puff of frost hits you!
The steam dragon breathes steam at you. The ball of steam misses you.
Grinder gestures at you. Pain shoots through your body!
Grinder gestures at you. Pain shoots through your body!
Unknown command.
You are engulfed in a cloud of scalding steam.
You are engulfed in a cloud of scalding steam.
* * * LOW HITPOINT WARNING * * *
Grinder is engulfed in a cloud of scalding steam.
Grinder blinks!
The steam dragon breathes steam at you. The ball of steam hits you!
* * * LOW HITPOINT WARNING * * *
You are engulfed in a cloud of scalding steam.
You die...

#............
#............
#.§..........
#.§..........
#...§5....#
#...§s###
#.......#
########...####
#§@§§§Ds......$.
#§##############
#.##### #.....#
#.....# ######
#.....###....#
#.....'......+
#.....###....#
#.....# #....#


There were no monsters in sight!

Vanquished Creatures
  Pikel (D:4)
  Sigmund (D:2)
  2 water moccasins
  A black bear (D:4)
  An ogre (D:5)
  A lemure (D:3)
  2 kobold brigands (D:5)
  A bullfrog zombie (D:5)
  2 hounds
  A centaur skeleton (D:4)
  Crazy Yiuf (D:2)
  3 iguanas
  A hound zombie (D:4)
  A hound skeleton (D:4)
  5 adders
  A shadow imp (D:6)
  A worm (D:2)
  2 dart slugs
  An orc (D:4)
  7 bats
  8 endoplasms
  8 giant cockroaches
  9 goblins
  7 hobgoblins
  8 jackals
  4 quokkas
  10 ball pythons
  3 frilled lizards
  13 kobolds
  5 rats
111 creatures vanquished.

Notes
Turn   | Place    | Note
-------+----------+-------------------------------------------
     0 | D:1      | Zeld the Octopode Fighter began the quest for the Orb.
     0 | D:1      | Reached XP level 1. HP: 16/16 MP: 1/1
   289 | D:1      | Reached XP level 2. HP: 21/21 MP: 2/2
   582 | D:1      | Reached XP level 3. HP: 26/26 MP: 3/3
   845 | D:2      | Found Jemesch's Jewellery Shoppe.
   973 | D:2      | Found a faded altar of an unknown god.
  1034 | D:2      | Reached XP level 4. HP: 29/32 MP: 4/4
  1067 | D:2      | Noticed Sigmund
  1068 | D:2      | Found a shimmering blue altar of Sif Muna.
  1075 | D:2      | HP: 1/32 [Sigmund/+0 scythe (13)]
  1076 | D:2      | Killed Sigmund
  1077 | D:2      | Reached skill level 4 in Fighting
  1077 | D:2      | Reached XP level 5. HP: 1/38 MP: 5/5
  1638 | D:2      | Found a runed translucent door.
  1639 | D:2      | Noticed Crazy Yiuf
  2034 | D:3      | Reached XP level 6. HP: 43/44 MP: 6/6
  2505 | D:4      | Noticed Pikel
  3431 | D:4      | Noticed a water moccasin
  3438 | D:4      | Killed a water moccasin
  3439 | D:4      | Reached skill level 5 in Fighting
  3439 | D:4      | Reached skill level 5 in Shields
  3439 | D:4      | Reached XP level 7. HP: 49/50 MP: 7/7
  4084 | D:4      | Found Wuigreun's Antique Weapon Shop.
  4208 | D:4      | Found an ornate altar of the Wu Jian Council.
  4318 | D:4      | Killed Pikel
  4319 | D:4      | Reached skill level 6 in Fighting
  4319 | D:4      | Reached skill level 5 in Axes
  4319 | D:4      | Reached XP level 8. HP: 27/57 MP: 8/8
  4525 | D:4      | Found an ornate altar of the Wu Jian Council.
  4937 | D:4      | Found Wuigreun's Antique Weapon Shop.
  5148 | D:2      | Killed Crazy Yiuf
  5314 | D:5      | Entered Level 5 of the Dungeon
  6055 | D:5      | Reached skill level 7 in Fighting
  6403 | D:5      | Found a glowing silver altar of Zin.
  6496 | D:6      | Noticed Grinder
  6506 | D:6      | Engulfed by a steam dragon's steam

Illustrated notes

Levels and vault maps discovered:
D:1:      grunt_arrival_crossed_arrows, layout_rooms
D:2:      layout_basic, hellmonk_ecumenical_altar_heavens_door, basic_altar,
          serial_shops, shop, kennysheep_generic_room_9,
          uniq_crazy_yiuf_cottage, uniq_sigmund
D:3:      layout_basic
D:4:      minmay_chambers_of_fours, layout_loops_ring, marbit_many_paths,
          serial_shops, nicolae_shop_trees, minmay_tree_intersection,
          minivault_19, uniq_pikel
D:5:      cheibrodos_thug_alley, layout_basic, zin_scriptorium
D:6:      layout_basic, tso_altar, minmay_temple_entry_antechambers,
          serial_shops, shop, uniq_menkaure, uniq_grinder, uniq_duvessa,
          uniq_maggie

Skill      XL: |  1  2  3  4  5  6  7  8 |
---------------+-------------------------+-----
Fighting       | 4 5 6 7 |  7.0
Axes           | 3 4 5 6 |  6.4
Shields        | 4 5 6 |  6.9
Throwing       | |  0.2
Dodging        | |  3.0

Action                   |  1- 3 |  4- 6 |  7- 9 || total
-------------------------+-------+-------+-------++-------
Melee: War axe           |    65 |    76 |    61 ||   202
       Tentacles         |     7 |    18 |    16 ||    41
       Constrict         |    14 |    19 |    17 ||    50
Evoke: Wand              |       |     2 |       ||     2
  Use: Potion            |       |     1 |     1 ||     2
 Stab: Sleeping          |     2 |     5 |     1 ||     8
Armor: Skin              |     6 |     6 |     2 ||    14
Dodge: Dodged            |    38 |    38 |    33 ||   109
Block: Kite shield       |    31 |    40 |    29 ||   100

Table legend: (Time is in decaauts)
 A = Elapsed time spent in this place.
 B = Non-inter-level travel time spent in this place.
 C = Inter-level travel time spent in this place.
 D = Time resting spent in this place.
 E = Time spent auto-exploring this place.
 F = Levels seen in this place.
 G = Mean time per level.
                   A        B        C        D        E       F      G
               +--------+--------+--------+--------+--------+-----+--------+
         Total |   6612 |   6385 |    227 |    509 |   5070 |   6 | 1102.0 |
       Dungeon |   6612 |   6385 |    227 |    509 |   5070 |   6 | 1102.0 |
               +--------+--------+--------+--------+--------+-----+--------+

Top non-repeatable levels by time:
     D:4: 2044 daAuts
     D:2: 1375 daAuts
     D:3: 1214 daAuts
     D:5: 1137 daAuts
     D:1: 773 daAuts
     D:6: 67 daAuts
